 Dungeon Crawl Stone Soup version 0.28.0-1-gb440e238dd (webtiles) character file.

Game seed: 14942826918540674851

107 issech the Cudgeller (level 4, -2/44 HPs)
             Began as a Troll Monk on Feb 25, 2022.
             Succumbed to a kobold brigand's poison
             ... in a sewer.
             The game lasted 00:07:34 (1955 turns).

issech the Cudgeller (Troll Monk)                   Turns: 1955, Time: 00:07:34

Health: -2/44      AC:  5    Str: 19    XL:     4   Next: 56%
Magic:  3/3        EV: 10    Int:  6    God:
Gold:   100        SH:  0    Dex: 14    Spells: 3/3 levels left

rFire   + . .      SeeInvis .   e - +1 hunting sling (vorpal)
rCold   . . .      Faith    .   (no shield)
rNeg    . . .      Spirit   .   b - +0 robe
rPois   .          Reflect  .   (helmet restricted)
rElec   .          Harm     .   (no cloak)
rCorr   .          Rampage  .   (gloves unavailable)
Will    .....                   (boots unavailable)
Stlth   ++........              (no amulet)
HPRegen 0.94/turn               m - ring of protection from fire
MPRegen 0.08/turn               (no ring)

@: lethally poisoned (-2 -> -13), flying
A: large, unfitting armour, claws 3, regeneration 1, shaggy fur 1, tough skin 1,
iridescent scales 1, deformed body
a: no special abilities


You were in a sewer.
You visited 1 branch of the dungeon, and saw 3 of its levels.
You also visited: Sewer.

You collected 100 gold pieces.

Inventory:

Hand Weapons
 a - a +0 mace
 e - a +1 vorpal hunting sling (weapon)
Missiles
 c - 64 stones (quivered ammo)
Armour
 b - a +0 robe (worn)
Magical Staves
 f - a staff of fire
Jewellery
 m - a ring of protection from fire (left claw)
Scrolls
 d - a scroll of fog {unknown}
 h - a scroll of teleportation {unknown}
 k - 3 scrolls of identify {unknown}
Potions
 l - a potion of magic {unknown}


   Skills:
 + Level 2.9 Fighting
 + Level 3.8 Maces & Flails
 + Level 3.2 Dodging
 + Level 1.1 Stealth


You had 3 spell levels left.
You didn't know any spells.
Your spell library was empty.

Dungeon Overview and Level Annotations

Branches:
Dungeon (3/15)              Sewer (1/1)

Altars:

Shops:
D:3 !*(

Annotations:
D:3 2 transporters, issech's ghost, weakling TrMo


Innate Abilities, Weirdness & Mutations

You are too large for most types of armour.
You have claws for hands.
Your natural rate of healing is unusually fast.
You are covered in fur. (AC +1)
You have tough skin. (AC +1)
You are partially covered in iridescent scales. (AC +2)
Armour fits poorly on your strangely shaped body.


Message History

You hear a splash.
You feel sick.
The kobold brigand throws a poisoned dart.
The poisoned dart hits you!
You are more poisoned.
Fire: 68 stones
Press: ? - help, Q - select action Shift-Dir - straight line, f/p - kobold brigand
Aim: a kobold brigand, wielding a +0 short sword and quivering poisoned darts (moderately wounded, 53% to hit)
You shoot a stone. The stone hits the kobold brigand.
The kobold brigand is moderately wounded.
You hear a splash.
* * * LOW HITPOINT WARNING * * *
You feel very sick.
Fire: 67 stones
Press: ? - help, Q - select action Shift-Dir - straight line, f/p - kobold brigand
Aim: a kobold brigand, wielding a +0 short sword and quivering poisoned darts (moderately wounded, 53% to hit)
You shoot a stone. The stone misses the kobold brigand.
You hear a splash.
* * * LOW HITPOINT WARNING * * *
You feel very sick.
The kobold brigand throws a poisoned dart.
The poisoned dart hits you.
You are lethally poisoned!
Fire: 66 stones
Press: ? - help, Q - select action Shift-Dir - straight line, f/p - kobold brigand
Aim: a kobold brigand, wielding a +0 short sword and quivering poisoned darts (moderately wounded, 53% to hit)
You shoot a stone. The stone hits the kobold brigand.
The kobold brigand is heavily wounded.
* * * LOW HITPOINT WARNING * * *
You feel very sick.
The kobold brigand throws a poisoned dart.
The poisoned dart hits you!
You are more poisoned.
Fire: 65 stones
Press: ? - help, Q - select action Shift-Dir - straight line, f/p - kobold brigand
Aim: a kobold brigand, wielding a +0 short sword and quivering poisoned darts (heavily wounded, 53% to hit)
You shoot a stone. The stone hits the kobold brigand!
The kobold brigand is severely wounded.
You hear a splash.
You die...

#≈#
#(#
#≈#
#(#
#K#
#≈#
#≈#
#≈#
#@#
#.#
#.#
#.#
#.#
#.#
#∩#
#∩#
#.#


You could see a kobold brigand.

Vanquished Creatures
  A bullfrog skeleton (D:2)
  A hound zombie (D:3)
  An adder (D:3)
  A river rat (Sewer)
  2 dart slugs (D:1)
  A worm (D:2)
  7 ball pythons
  4 endoplasms
  A giant cockroach (D:3)
  2 goblins
  3 hobgoblins (D:1)
  A jackal (Sewer)
  5 kobolds
  2 quokkas (D:1)
  3 bats (D:1)
  2 frilled lizards
  A quokka skeleton (D:3)
  5 rats
43 creatures vanquished.

Vanquished Creatures (others)
  6 plants (D:3)
6 creatures vanquished.

Grand Total: 49 creatures vanquished

Notes
Turn   | Place    | Note
-------+----------+-------------------------------------------
     0 | D:1      | issech the Troll Monk began the quest for the Orb.
     0 | D:1      | Reached XP level 1. HP: 22/22 MP: 0/0
   142 | D:1      | Reached XP level 2. HP: 27/29 MP: 1/1
   682 | D:1      | Reached XP level 3. HP: 36/36 MP: 2/2
  1476 | D:3      | Found Geaskik's Assorted Antiques.
  1487 | D:3      | Found Sacyn's Distillery.
  1568 | D:3      | Reached XP level 4. HP: 44/44 MP: 3/3
  1635 | D:3      | Noticed issech's ghost (weakling TrMo)
  1653 | D:3      | Found a transporter.
  1654 | D:3      | Found a transporter.
  1820 | D:3      | Found Ipetuwk's Antique Weapon Shoppe.
  1842 | D:3      | Found a glowing drain.
  1860 | Sewer    | Entered a sewer
  1910 | Sewer    | Noticed a kobold brigand
  1946 | Sewer    | HP: 2/44 [poisoned by a kobold brigand]
  1948 | Sewer    | Gained mutation: Armour fits poorly on your strangely
                  | shaped body. [potion of mutation]
  1948 | Sewer    | Gained mutation: You are partially covered in iridescent
                  | scales. (AC +2) [potion of mutation]
  1954 | Sewer    | HP: 1/44 [poisoned by a kobold brigand]
  1955 | Sewer    | Succumbed to a kobold brigand's poison

Illustrated notes

Levels and vault maps discovered:
D:1:      dpeg_arrival_three_smaller_balls, layout_basic, serial_park_tiny_2
D:2:      layout_loops_ring, grunt_ministairs_13
D:3:      layout_loops_ring, gammafunk_ghost_gnarly_gnolls,
          portal_sewer_entry_d, serial_shops, shop,
          nicolae_shop_window_shopping, nicolae_shop_statue_plus,
          nicolae_shop_statue_plus, shop, serial_undead, serial_undead_e,
          serial_undead_b, serial_undead_f, serial_undead_f
Sewer:    sewer_kobolds

Skill      XL: |  1  2  3 |
---------------+----------+-----
Maces & Flails | 3 |  3.8
Dodging        | 3 |  3.2
Fighting       | |  2.9
Stealth        | |  1.1

Action                   |  1- 3 |  4- 6 || total
-------------------------+-------+-------++-------
Melee: Mace              |    96 |    40 ||   136
       Punch             |     1 |       ||     1
 Fire: Hunting sling     |       |     5 ||     5
  Use: Potion            |       |     3 ||     3
 Stab: Sleeping          |       |     1 ||     1
Armor: Robe              |    41 |    14 ||    55
Dodge: Dodged            |    64 |    19 ||    83
